 Dungeon Crawl Stone Soup version 0.18.1-48-g4cf74bf (webtiles) character file.

63 Heedrag the Conjurer (level 3, 0/19 HPs)
             Began as a Deep Elf Conjurer on Aug 2, 2016.
             Slain by a gnoll (6 damage)
             ... on level 2 of the Dungeon.
             The game lasted 00:03:37 (2039 turns).

Heedrag the Conjurer (Deep Elf Conjurer)            Turns: 2039, Time: 00:03:37

Health: 0/19       AC:  4    Str:  6    XL:     3   Next: 87%
Magic:  1/10       EV: 13    Int: 19    God:
Gold:   137        SH:  0    Dex: 15    Spells: 1 memorised, 9 levels left

rFire  . . .     SeeInvis .     r - +0 dagger (speed)
rCold  . . .     Gourm    .     a - +0 robe
rNeg   . . .     Faith    .     (no shield)
rPois  .         Spirit   .     (no helmet)
rElec  .         Dismiss  .     (no cloak)
rCorr  .         Reflect  .     l - +1 pair of gloves
SustAt .         Harm     .     (no boots)
MR     .....                    (no amulet)
Stlth  ++........               (no ring)
                                (no ring)

@: not resistant to hostile enchantments, unstealthy
A: no striking features
a: no special abilities


You were on level 2 of the Dungeon.
You were not hungry.

You visited 1 branch of the dungeon, and saw 3 of its levels.

You collected 137 gold pieces.

Inventory:

Hand Weapons
 r - a +0 dagger of speed (weapon)
Armour
 a - a +0 robe (worn)
 l - a +1 pair of gloves (worn)
Wands
 u - a wand of random effects (15/48)
Scrolls
 d - a scroll of enchant armour {unknown}
 e - a scroll of remove curse {unknown}
 f - 2 scrolls of immolation {unknown}
 h - a scroll of recharging {unknown}
 j - 2 scrolls of amnesia {unknown}
 o - 4 scrolls of identify {unknown}
 p - a scroll of noise {unknown}
 t - a scroll of enchant weapon {unknown}
 v - a scroll of fear {unknown}
 x - a scroll of teleportation {unknown}
Potions
 g - a potion of mutation {unknown}
 m - a potion of heal wounds {unknown}
 n - 2 potions of might {unknown}
 q - 3 potions of haste {unknown}
 s - 4 potions of curing {unknown}
 w - a potion of resistance {unknown}
 z - a potion of cancellation {unknown}
 A - a potion of cure mutation {unknown}
 C - a potion of agility {unknown}
Books
 b - a book of Conjurations

   Spells                             Type                      Level
   a - Magic Dart                     Conjuration                  1
   b - Searing Ray                    Conjuration                  2
   c - Dazzling Spray                 Conjuration/Hexes            3
   d - Fulminant Prism                Conjuration/Hexes            4
   e - Iskenderun's Mystic Blast      Conjuration                  4
   f - Iskenderun's Battlesphere      Conjuration/Charms           5
Comestibles
 c - 5 bread rations
 i - 2 royal jellies
 k - a meat ration
 B - 4 chunks of flesh


   Skills:
 - Level 2.9 Dodging
 - Level 2.9 Stealth
 * Level 4.0 Spellcasting
 * Level 5.1 Conjurations


You had 9 spell levels left.
You knew the following spells:

 Your Spells              Type           Power        Failure   Level  Hunger
a - Magic Dart            Conj           ###.         1%          1    None


Dungeon Overview and Level Annotations

Branches:
Dungeon (3/15)

Altars:
Cheibriados
Xom


Message History

Aimin': Magic Dart
Press: ? - help, Shift-Dir - straight line, f/p - gnoll
Aim: a gnoll (moderately wounded) Tha magic dart hits tha gnoll.
Tha gnoll be severely wounded.
Tha gnoll closely misses ye.
Castin': Magic Dart Confirm wit' . or Enter, or press ? or * ta list all spells.
Aimin': Magic Dart
Press: ? - help, Shift-Dir - straight line, f/p - gnoll
Aim: a gnoll (severely wounded) Tha magic dart hits tha gnoll.
Tha gnoll be severely wounded.
Tha gnoll hits ye but does nay damage.
Ye completely miss tha gnoll.
Tha gnoll be severely wounded.
Ye hit tha gnoll but do nay damage.
Tha gnoll be severely wounded.
Tha gnoll hits ye.
Ye die...

############
...........###########
##########.##........########
........##.##.#####.........#
...........##.# #.........# #
#######.#####.# #....(....# #
###.....)..##.#####.........#####
........<.......@g.............>#
###.#....#.##..#####.#..........#
#.#.#..#.##..# #.#).........#
#.#.#..#.##..# #............#
#.#...<..##..# #........)....
#.#......)...# #...##########
#.......<.##.# #.##..........
###.#####.##.### #.##..........
#..(..#.##...# #....#########


You could see a gnoll.

Vanquished Creatures
  2 gnolls
  2 worms
  A giant gecko (D:2)
  2 giant cockroaches
  3 goblins
  8 hobgoblins
  7 kobolds
  A quokka (D:2)
  A ball python (D:3)
  3 bats
  A giant newt (D:2)
  4 rats
35 creatures vanquished.

Notes
Turn   | Place    | Note
--------------------------------------------------------------
     0 | D:1      | Heedrag the Deep Elf Conjurer began the quest for the Orb.
     0 | D:1      | Reached XP level 1. HP: 10/10 MP: 6/6
    64 | D:1      | Reached XP level 2. HP: 5/15 MP: 0/8
   984 | D:2      | Found a shimmering altar of Xom.
  1024 | D:2      | Found a snail-covered altar of Cheibriados.
  1119 | D:2      | Reached XP level 3. HP: 19/19 MP: 0/9
  1687 | D:3      | Reached skill level 5 in Conjurations
  2039 | D:2      | Slain by a gnoll

Skill      XL: |  1  2  3 |
---------------+----------+-----
Conjurations   | 5 |  5.1
Spellcasting   | 4 |  4.0
Dodging        | |  2.9
Stealth        | |  2.9

Action                   || total
-------------------------++-------
Melee: Dagger            ||    39
       Unarmed           ||     1
 Cast: Magic Dart        ||    83
 Stab: Sleeping          ||     1
  Eat: Chunk             ||     3
Armor: Robe              ||     9
Dodge: Dodged            ||    34
